 Dungeon Crawl Stone Soup version 0.29-a0-666-g26d293caef (webtiles) character file.

Game seed: 17559803722860990871

2064 KristoblXynda the Covert (level 9, -2/47 HPs)
             Began as a Spriggan Berserker on June 22, 2022.
             Was a Believer of Trog.
             Killed from afar by a white imp (6 damage)
             ... with a puff of frost
             ... on level 7 of the Dungeon.
             The game lasted 00:07:10 (7592 turns).

KristoblXynda the Covert (Spriggan Berserker)       Turns: 7592, Time: 00:07:11

Health: -2/47      AC:  5    Str: 15    XL:     9   Next: 5%
Magic:  10/10      EV: 21    Int: 11    God:    Trog [**....]
Gold:   304        SH:  0    Dex: 14    Spells: 8/8 levels left

rFire   . . .      SeeInvis +   h - +2 dagger (vamp)
rCold   . . .      Faith    .   s - orb {light}
rNeg    . . .      Spirit   .   b - +0 animal skin
rPois   +          Reflect  .   r - +1 hat
rElec   .          Harm     .   q - +1 cloak {rPois}
rCorr   .          Rampage  .   (gloves unavailable)
Will    ++...                   (boots unavailable)
Stlth   ++........              (no amulet)
HPRegen 0.15/turn               w - ring of willpower
MPRegen 0.12/turn               (no ring)

@: on berserk cooldown, slowed, glowing, quick
A: very small, no large weapons, unfitting armour, see invisible, speed 3
a: Renounce Religion, Berserk, Trog's Hand


You were on level 7 of the Dungeon.
You worshipped Trog.
Trog was pleased with you.
You visited 2 branches of the dungeon, and saw 8 of its levels.

You collected 424 gold pieces.
You spent 120 gold pieces at shops.

Inventory:

Hand Weapons
 h - a +2 vampiric dagger (weapon)
Armour
 b - a +0 animal skin (worn)
 j - a scarf of repulsion
 q - a +1 cloak of poison resistance (worn)
 r - a +1 hat (worn)
 s - an orb of light (worn)
 u - +0 swamp dragon scales
Jewellery
 w - a ring of willpower (left hand)
Wands
 p - a wand of iceblast (10)
 v - a wand of digging (11)
Scrolls
 e - a scroll of summoning {unknown}
 f - a scroll of teleportation {unknown}
 i - a scroll of enchant armour {unknown}
 m - a scroll of vulnerability {unknown}
 n - a scroll of acquirement {unknown}
 t - a scroll of fear {unknown}
Potions
 a - 6 potions of curing
 c - 2 potions of heal wounds
 d - 3 potions of cancellation
 g - a potion of brilliance {unknown}
 k - a potion of haste {unknown}
 l - 3 potions of flight
 x - a potion of mutation
 z - a potion of lignification {unknown}


   Skills:
 + Level 5.5 Fighting
 + Level 7.3 Short Blades
 + Level 8.8 Dodging
 + Level 9.1 Stealth


You had 8 spell levels left.
You didn't know any spells.
Your spell library contained the following spells:

 Spells                   Type           Power      Damage    Failure   Level
 Beastly Appendage        Tmut           0%         N/A       34%         1
 Magic Dart               Conj           0%         1d3       34%         1
 Call Imp                 Summ           0%         N/A       47%         2
 Wereblood                Tmut           0%         N/A       47%         2
 Call Canine Familiar     Summ           0%         N/A       71%         3
 Ignite Poison            Fire/Tmut/Pois 0%         N/A       71%         3
 Mephitic Cloud           Conj/Pois/Air  0%         N/A       71%         3
 Portal Projectile        Hex/Tloc       0%         N/A       71%         3
 Spider Form              Tmut/Pois      0%         N/A       71%         3
 Animate Armour           Summ/Erth      0%         N/A       98%         4
 Leda's Liquefaction      Hex/Erth       0%         N/A       98%         4
 Blade Hands              Tmut           0%         N/A       100%        5
 Freezing Cloud           Conj/Ice/Air   0%         6-21      100%        5
 Lee's Rapid Deconstruct  Erth           0%         3d5*      100%        5
 Iron Shot                Conj/Erth      0%         9d1       100%        6
 Statue Form              Tmut/Erth      0%         N/A       100%        6


Dungeon Overview and Level Annotations

Branches:
Dungeon (7/15)             Temple (1/1) D:6

Altars:
Elyvilon
Fedhas
Kikubaaqudgha
Ru
Trog
Uskayaw
Vehumet
Wu Jian
Xom
Yredelemnul
Zin
The Shining One

Shops:
D:4 (   D:5 !=!


Innate Abilities, Weirdness & Mutations

You are very small and have problems with some larger weapons.
You are too small for most types of armour.
You have supernaturally acute eyesight. (SInv)
You cover ground extremely quickly. (Speed+++)


Message History

The puff of frost hits you.
You are too injured to fight recklessly!
You are too injured to fight recklessly!
You are too injured to fight recklessly!
You are too injured to fight recklessly!
You are too injured to fight recklessly!
You are too injured to fight recklessly!
You are too injured to fight recklessly!
You are too injured to fight recklessly!
You are too injured to fight recklessly!
You are too injured to fight recklessly!
You are too injured to fight recklessly!
You are too injured to fight recklessly!
You are too injured to fight recklessly!
You are too injured to fight recklessly!
You are too injured to fight recklessly!
You are too injured to fight recklessly!
You are too injured to fight recklessly!
You are too injured to fight recklessly!
You are too injured to fight recklessly!
You are too injured to fight recklessly!
You hit the white imp but do no damage.
The white imp is heavily wounded.
The white imp hits you. The white imp freezes you.
You hit the white imp.
The white imp is severely wounded.
The white imp gestures at you. The puff of frost hits you!
* * * LOW HITPOINT WARNING * * *
You hit the white imp.
The white imp is severely wounded.
The white imp hits you but does no damage.
You hit the white imp.
The white imp is almost dead.
The white imp closely misses you.
You hit the white imp but do no damage.
The white imp is almost dead.
The white imp gestures at you. The puff of frost hits you.
You die...

............#.####.
...........#......
#.......>.......###
#...........$.....
#............?..#
#...............#
#...............#
#......5...[....#
#....<@.........#
#...............#
#......[........#
#......)).......#
#...............#
#...............#
#.[........<....#
############.......
.######


You could see a white imp.

Vanquished Creatures
  A shadow (D:6)
  3 water moccasins (D:6)
  An ice beast (D:7)
  A black bear (D:5)
  An ogre (D:6)
  A kobold brigand (D:6)
  A bullfrog (D:6)
  2 scorpions (D:5)
  5 wights (D:7)
  A howler monkey (D:5)
  2 orc priests
  Crazy Yiuf (D:3)
  A gnoll shaman (D:6)
  A hound (D:4)
  3 jellies
  8 iguanas
  3 orc wizards (D:5)
  Natasha (D:2)
  6 gnolls (D:6)
  9 adders
  A white imp (D:5)
  2 ufetubi
  A worm (D:2)
  7 dart slugs
  10 orcs
  6 ball pythons
  7 endoplasms
  3 giant cockroaches
  5 goblins
  5 hobgoblins
  2 quokkas
  4 bats
  4 frilled lizards
  6 kobolds
  4 rats
119 creatures vanquished.

Vanquished Creatures (others)
  4 fungi (D:5)
4 creatures vanquished.

Grand Total: 123 creatures vanquished

Notes
Turn   | Place    | Note
-------+----------+-------------------------------------------
     0 | D:1      | KristoblXynda the Spriggan Berserker began the quest for
                  | the Orb.
     0 | D:1      | Reached XP level 1. HP: 11/11 MP: 2/2
   241 | D:1      | Reached skill level 1 in Stealth
   441 | D:1      | Reached XP level 2. HP: 16/16 MP: 3/3
  1290 | D:2      | Reached skill level 2 in Stealth
  1290 | D:2      | Reached XP level 3. HP: 19/19 MP: 4/4
  1375 | D:2      | Found a faded altar of an unknown god.
  1546 | D:2      | Noticed Natasha
  1558 | D:2      | Killed Natasha
  1558 | D:2      | Reached ** piety under Trog
  1559 | D:2      | Reached XP level 4. HP: 19/23 MP: 5/5
  1987 | D:3      | Reached skill level 3 in Stealth
  2057 | D:3      | Reached skill level 5 in Dodging
  2476 | D:3      | Found a runed translucent door.
  2477 | D:3      | Noticed Crazy Yiuf
  2486 | D:3      | Killed Crazy Yiuf
  2487 | D:3      | Reached XP level 5. HP: 28/28 MP: 6/6
  3148 | D:4      | Reached skill level 4 in Stealth
  3440 | D:4      | Found Puc Arack's Weapon Emporium.
  3462 | D:4      | Reached XP level 6. HP: 29/32 MP: 7/7
  3750 | D:5      | Entered Level 5 of the Dungeon
  3768 | D:5      | Reached skill level 5 in Short Blades
  3768 | D:5      | Reached skill level 5 in Stealth
  4361 | D:5      | Reached XP level 7. HP: 20/37 MP: 8/8
  4507 | D:5      | Reached skill level 6 in Stealth
  4943 | D:5      | Found Ygigef's Jewellery Shop.
  4945 | D:5      | Found Wuwesicuq's Distillery.
  4947 | D:5      | Found Kefin's Distillery.
  5246 | D:5      | Bought a potion of mutation for 120 gold pieces
  5635 | D:6      | Found a staircase to the Ecumenical Temple.
  5646 | D:6      | Reached skill level 7 in Stealth
  5646 | D:6      | Reached XP level 8. HP: 42/42 MP: 9/9
  5701 | Temple   | Entered the Ecumenical Temple
  6357 | D:6      | Reached skill level 5 in Fighting
  6357 | D:6      | Reached skill level 8 in Stealth
  7560 | D:7      | Reached skill level 9 in Stealth
  7560 | D:7      | Reached XP level 9. HP: 47/47 MP: 10/10
  7592 | D:7      | Killed from afar by a white imp

Illustrated notes

Levels and vault maps discovered:
D:1:      psy_arrival_heroes, layout_basic, minmay_pentomino_q2
D:2:      layout_basic, hellmonk_ecumenical_altar_leap_of_faith, uniq_natasha
D:3:      layout_basic, uniq_crazy_yiuf_cottage
D:4:      layout_rooms, serial_shops, shop
D:5:      layout_cave_pools, nicolae_wooded_promenade, dreamdust_wishing_well,
          dreamdust_mushroom_princess, st_stairs_6
D:6:      layout_basic, minmay_temple_entry_proselytizer, grunt_ministairs_1,
          nrook_mini_backslash
D:7:      layout_basic
Temple:   nicolae_temple_x_marks_the_god

Skill      XL: |  1  2  3  4  5  6  7  8 |
---------------+-------------------------+-----
Stealth        | 1 2 3 4 5 7 9 |  9.1
Short Blades   | 4 5 6 7 |  7.3
Fighting       | 3 4 5 |  5.5
Dodging        | 5 6 7 8 |  8.8

Action                   |  1- 3 |  4- 6 |  7- 9 || total
-------------------------+-------+-------+-------++-------
Melee: Short sword       |    45 |       |       ||    45
       Dagger            |    41 |   234 |   240 ||   515
Invok: Berserk           |     3 |     8 |    10 ||    21
  Use: Scroll            |       |       |     8 ||     8
 Stab: Sleeping          |     4 |     5 |     2 ||    11
Armor: Animal skin       |     3 |    28 |    22 ||    53
Dodge: Dodged            |    51 |   161 |   148 ||   360
       Repelled          |       |     2 |       ||     2

Table legend: (Time is in decaauts)
 A = Elapsed time spent in this place.
 B = Non-inter-level travel time spent in this place.
 C = Inter-level travel time spent in this place.
 D = Time resting spent in this place.
 E = Time spent auto-exploring this place.
 F = Levels seen in this place.
 G = Mean time per level.
                   A        B        C        D        E       F      G
               +--------+--------+--------+--------+--------+-----+--------+
         Total |   6164 |   6013 |    151 |   2585 |   2547 |   8 |  770.5 |
       Dungeon |   6119 |   5973 |    146 |   2585 |   2511 |   7 |  874.1 |
        Temple |     45 |     41 |      4 |      0 |     36 |   1 |   45.0 |
               +--------+--------+--------+--------+--------+-----+--------+

Top non-repeatable levels by time:
     D:6: 1747 daAuts
     D:5: 1071 daAuts
     D:4: 932 daAuts
     D:1: 923 daAuts
     D:3: 801 daAuts
     D:2: 575 daAuts
     D:7: 66 daAuts
  Temple: 45 daAuts
